[Event "Titled Tuesday Blitz March 29 Late 2022"]
[White "Xiong, Jeffery"]
[Black "Diaz Perez, Michel Alejandro"]
[WhiteFideId "2047640"]
[BlackFideId "3517179"]
[WhiteElo "2727"]
[BlackElo "2337"]
[Result "1-0"]
[Round "02"]
[TimeControl "180+1"]
[Date "2022.03.29"]
[WhiteClock "0:00:03"]
[BlackClock "0:00:02"]

1. d4 Nf6 2. Nf3 e6 3. Bf4 c5 4. e3 b6 5. Nc3 cxd4 6. Nb5 d6 7. Qxd4 Nd5 8. Bg5 f6 9. e4 Nc7 10. Be3 Nxb5 11. Bxb5+ Bd7 12. a4 Be7 13. O-O O-O 14. Rfd1 Nc6 15. Qd2 Qe8 16. Qe2 Rd8 17. Nd2 Qg6 18. f3 Ne5 19. Nc4 Bc8 20. a5 bxa5 21. Rxa5 d5 22. Nxe5 fxe5 23. Rxa7 Bf6 24. Bd3 d4 25. Bf2 Rf7 26. Rda1 Bg5 27. Bg3 Be3+ 28. Kh1 Rxa7 29. Rxa7 Qf6 30. Ra5 Bf4 31. Qe1 Bd7 32. Bxf4 Qxf4 33. b4 Rb8 34. Ra7 Be8 35. Ra1 h5 36. Rb1 h4 37. b5 h3 38. Qg3 hxg2+ 39. Kxg2 Qd2+ 40. Kh1 Bh5 41. b6 Qe3 42. Kg2 Qd2+ 43. Kh1 Qe3 44. Kg2 Qd2+ 45. Qf2 Bxf3+ 46. Kf1 Qf4 47. b7 g5 48. Qg3 g4 49. Qxf4 exf4 50. Rb5 Kf7 51. Kf2 Ke7 52. h3 Kd6 53. hxg4 Bxg4 54. e5+ Kc6 55. Rb4 Bf5 56. Rc4+ Kd5 57. Rb4 Bxd3 58. cxd3 Kxe5 59. Kf3 Kf5 60. Rb5+ e5 61. Rb6 Kg5 62. Ke4 Kg4 63. Rg6+ Kh5 64. Rg7 Kh6 65. Rc7 Kg5 66. Kxe5 f3 67. Rg7+ Kh6 68. Rf7 f2 69. Kxd4 Rxb7 70. Rxf2 Kg6 71. Kc5 Rc7+ 72. Kd6 Rc8 73. d4 Rd8+ 74. Kc5 Rc8+ 75. Kb6 Rd8 76. Rd2 Kf6 77. Kc7 Rd5 78. Kc6 Rd8 79. d5 Rc8+ 80. Kd7 Rc1 81. d6 Ke5 82. Ke7 Rh1 83. d7 Rh7+ 84. Kf8 Rh8+ 85. Kf7 Re8 86. dxe8=Q+ 1-0


[Site "https://www.chess.com"]

[Event "Titled Tuesday Blitz March 29 Late 2022"]
[White "Yanchenko, Roman"]
[Black "Rudykh, Stepan"]
[WhiteFideId "4137329"]
[BlackFideId "4180321"]
[WhiteElo "2514"]
[BlackElo "2215"]
[Result "1-0"]
[Round "02"]
[TimeControl "180+1"]
[Date "2022.03.30"]
[WhiteClock "0:01:19"]
[BlackClock "0:00:02"]

1. d4 e6 2. c4 f5 3. Nf3 Nf6 4. Nc3 Be7 5. Bg5 O-O 6. e3 b6 7. Be2 Bb7 8. O-O Ne4 9. Bxe7 Qxe7 10. Nxe4 Bxe4 11. Nd2 Bb7 12. Bf3 Bxf3 13. Qxf3 Nc6 14. Rac1 Rae8 15. c5 Nb4 16. cxb6 cxb6 17. Qb7 Nc6 18. Nf3 Rb8 19. Qa6 Nb4 20. Qxa7 Ra8 21. Qxb6 Rfb8 22. Qc7 Nd5 23. Qc2 Rxa2 24. Ne5 Raxb2 25. Qxb2 Rxb2 26. Rc8+ Qf8 27. Rxf8+ Kxf8 28. Nxd7+ Ke7 29. Ne5 f4 30. g3 g5 31. exf4 gxf4 32. Ra1 Rd2 33. Ra7+ Ke8 34. Rxh7 Nf6 35. Rh6 Ke7 36. Ng6+ Kf7 37. Nxf4 Kg7 38. Rh4 Kf7 39. Nh3 Kg6 40. Kg2 Nd5 41. Nf4+ Nxf4+ 42. Rxf4 Kg5 43. h4+ Kg6 44. g4 Rd1 45. f3 Rd2+ 46. Kg3 Rd1 47. g5 Kh5 48. Rf6 Rg1+ 49. Kf4 1-0


[Site "https://www.chess.com"]

[Event "Titled Tuesday Blitz March 29 Late 2022"]
[White "Yuan, Qingyu"]
[Black "Martinez Reyes, Pedro Ramon"]
[WhiteFideId "8609772"]
[BlackFideId "3901807"]
[WhiteElo "2359"]
[BlackElo "2410"]
[Result "1-0"]
[Round "02"]
[TimeControl "180+1"]
[Date "2022.03.29"]
[WhiteClock "0:00:04"]
[BlackClock "0:00:06"]

1. e4 e6 2. d4 d5 3. e5 c5 4. c3 Qb6 5. Nf3 cxd4 6. cxd4 Bd7 7. Nc3 Bb4 8. Bd2 Nc6 9. Nb5 Bxd2+ 10. Qxd2 Nxe5 11. Nc7+ Qxc7 12. Nxe5 Nf6 13. Bd3 O-O 14. O-O Qb6 15. Rfc1 Rac8 16. Rc3 Rxc3 17. bxc3 Rc8 18. Rb1 Qc7 19. h3 b6 20. Rb3 Ba4 21. Rb4 Bc6 22. Ba6 Bb7 23. Bxb7 Qxb7 24. Qd3 Nd7 25. Nf3 Qc7 26. Rb3 Nf6 27. Nd2 Ne8 28. Qa6 Qb8 29. a4 Nd6 30. a5 Rc6 31. g3 f6 32. Kg2 Qc7 33. axb6 Rxb6 34. Rxb6 Qxb6 35. Qa4 Qc7 36. Qa6 Kf7 37. Nb3 Qb6 38. Qa4 a6 39. Qd7+ Kg6 40. Nc5 Nf5 41. Nxe6 Qd6 42. Qe8+ Kh6 43. Nf4 g6 44. h4 Ng7 45. Qe3 g5 46. hxg5+ fxg5 47. Nd3 Qe6 48. Ne5 Qf5 49. f3 a5 50. Qe2 a4 51. g4 Qf4 52. Qa2 a3 53. Qxa3 Qd2+ 54. Kh3 Ne6 55. Qd6 1-0


[Site "https://www.chess.com"]

[Event "Titled Tuesday Blitz March 29 Late 2022"]
[White "Adewumi, Tanitoluwa"]
[Black "Kamsky, Gata"]
[WhiteFideId "30966396"]
[BlackFideId "2000024"]
[WhiteElo "2574"]
[BlackElo "2645"]
[Result "0-1"]
[Round "03"]
[TimeControl "180+1"]
[Date "2022.03.29"]
[WhiteClock "0:00:02"]
[BlackClock "0:00:21"]

1. e4 e5 2. Nf3 Nc6 3. Bc4 Nf6 4. Ng5 d5 5. exd5 Nxd5 6. Nxf7 Kxf7 7. Qf3+ Ke6 8. Nc3 Nb4 9. a3 Nxc2+ 10. Kd1 Nd4 11. Bxd5+ Kd6 12. Qf7 Qe7 13. Ne4+ Kd7 14. Qh5 c6 15. Bc4 g6 16. Qh3+ Kc7 17. Qe3 Be6 18. Bxe6 Qxe6 19. f3 Rd8 20. Re1 Bg7 21. b4 Nf5 22. Qc3 b6 23. Bb2 Rd5 24. Rc1 Rhd8 25. Re2 Kb7 26. a4 Rd3 27. Qc2 h6 28. b5 c5 29. a5 Qb3 30. a6+ Kb8 31. Bc3 Qxb5 32. Ba1 Qb3 33. Qxb3 Rxb3 34. Kc2 Ra3 35. Bb2 Rxa6 36. Rce1 Ra4 37. g4 Nd4+ 38. Bxd4 exd4 39. d3 c4 40. Nd2 cxd3+ 41. Kxd3 Ra3+ 42. Kc2 d3+ 0-1


[Site "https://www.chess.com"]

[Event "Titled Tuesday Blitz March 29 Late 2022"]
[White "Almagro Mazariegos, Sebastian"]
[Black "Samarth, J Rao"]
[WhiteFideId "2221640"]
[BlackFideId "46652370"]
[WhiteElo "2273"]
[BlackElo "1514"]
[Result "0-1"]
[Round "03"]
[TimeControl "180+1"]
[Date "2022.03.30"]
[WhiteClock "0:00:02"]
[BlackClock "0:00:28"]

1. e4 c5 2. Nf3 d6 3. d4 cxd4 4. Nxd4 Nf6 5. Nc3 a6 6. f3 e5 7. Nb3 Be7 8. Be3 Be6 9. Qd2 h5 10. Nd5 Nxd5 11. exd5 Bf5 12. c4 Nd7 13. Be2 b6 14. O-O a5 15. Rac1 Nc5 16. Na1 Na6 17. b3 g5 18. a3 f6 19. b4 h4 20. h3 Bd7 21. Nb3 a4 22. Na1 Kf7 23. Nc2 Kg7 24. Ne1 Qc7 25. Nd3 Rhc8 26. Nb2 Qb7 27. Bd3 Nc7 28. Be4 Ne8 29. c5 bxc5 30. bxc5 Bb5 31. c6 Qa6 32. Rfd1 Nc7 33. Bb1 Rh8 34. Qc2 Rag8 35. Qf5 Qc8 36. Qc2 Kf7 37. Nxa4 Qa6 38. Nc3 Bc4 39. a4 Rh6 0-1


[Site "https://www.chess.com"]

[Event "Titled Tuesday Blitz March 29 Late 2022"]
[White "Almedina Ortiz, Edgardo J."]
[Black "Suder, Jakub"]
[WhiteFideId "3100197"]
[BlackFideId "1195310"]
[WhiteElo "2217"]
[BlackElo "2058"]
[Result "0-1"]
[Round "03"]
[TimeControl "180+1"]
[Date "2022.03.30"]
[WhiteClock "0:00:11"]
[BlackClock "0:01:46"]

1. d4 d5 2. c4 e6 3. Nf3 Nf6 4. g3 Be7 5. Bg2 O-O 6. O-O dxc4 7. Qc2 b5 8. b3 cxb3 9. axb3 Bb7 10. Ba3 a6 11. Bxe7 Qxe7 12. Rc1 Nc6 13. e3 Rac8 14. Nbd2 Nd7 15. Ne1 Nb4 16. Qc3 Bxg2 17. Kxg2 Nb6 18. Ne4 N6d5 19. Qd2 e5 20. Nc5 exd4 21. Qxd4 Rfd8 22. Nxa6 Nxa6 23. Rxa6 Nb4 24. Qa1 Nxa6 25. Qxa6 Qd7 26. Rc6 h5 27. h4 Rb8 28. Nf3 b4 29. Nd4 Qd5+ 30. Kh2 Rd6 31. Rxd6 Qxd6 32. Qe2 g6 33. Qc4 Re8 34. Kg2 Re5 35. Qa6 Qxa6 0-1


[Site "https://www.chess.com"]

[Event "Titled Tuesday Blitz March 29 Late 2022"]
[White "Ambartsumova, Karina"]
[Black "Federzoni, Enzo"]
[WhiteFideId "4166299"]
[BlackFideId "2173301"]
[WhiteElo "2262"]
[BlackElo "1956"]
[Result "1-0"]
[Round "03"]
[TimeControl "180+1"]
[Date "2022.03.30"]
[WhiteClock "0:00:07"]
[BlackClock "0:00:08"]

1. c4 Nf6 2. Nf3 e6 3. g3 d5 4. Bg2 Be7 5. O-O O-O 6. b3 Nbd7 7. Bb2 c6 8. d4 b6 9. Nc3 Ba6 10. Nd2 Rc8 11. e4 dxe4 12. Ndxe4 c5 13. d5 exd5 14. Nxd5 Nxe4 15. Bxe4 Nf6 16. Nxe7+ Qxe7 17. Bg2 Rfd8 18. Qf3 Rd2 19. Bc3 Rd6 20. Rfe1 Re6 21. Bh3 Bb7 22. Rxe6 fxe6 23. Qe3 Kf7 24. Re1 Re8 25. Qf4 Qd7 26. Bxf6 gxf6 27. Qh6 Qc6 28. Qxh7+ Kf8 29. Qh8+ Kf7 30. Qh5+ Kf8 31. f3 Qxf3 32. Qxf3 Bxf3 33. Rxe6 Rxe6 34. Bxe6 Ke7 35. Bf5 Kd6 36. Kf2 Bc6 37. Ke3 Ke5 38. Bd3 Be8 39. h4 Bh5 40. Be2 Bg6 41. Bd3 Bh5 42. a3 a5 43. Be2 Bg6 44. Bd1 Bf7 45. h5 a4 46. h6 Bg6 47. bxa4 Ke6 48. Be2 Kf7 49. Kf4 Bc2 50. Bh5+ Kg8 51. Bf3 Bxa4 52. Be4 Bd7 53. g4 Kh8 54. g5 fxg5+ 55. Kxg5 Be6 56. Bd3 Bd7 57. Kf6 Ba4 58. Ke7 Bb3 59. Kd6 b5 60. Kxc5 bxc4 61. Bxc4 Ba4 62. Bd3 Kg8 63. Kb4 Bc6 64. Kc5 Bb7 65. a4 Kh8 66. a5 Kg8 67. Kb6 Ba8 68. Kc7 Kh8 69. Bb5 Kh7 70. Bc6 Bb7 71. Bxb7 1-0


[Site "https://www.chess.com"]

[Event "Titled Tuesday Blitz March 29 Late 2022"]
[White "Aydin, Gulenay"]
[Black "Rastbod, Ali"]
[WhiteFideId "34557431"]
[BlackFideId "12567477"]
[WhiteElo "1429"]
[BlackElo "2200"]
[Result "0-1"]
[Round "03"]
[TimeControl "180+1"]
[Date "2022.03.30"]
[WhiteClock "0:00:02"]
[BlackClock "0:00:48"]

1. e4 e6 2. d4 d5 3. Nd2 c5 4. Ngf3 cxd4 5. Nxd4 Nc6 6. Bb5 Bd7 7. Nxc6 bxc6 8. Bd3 Bd6 9. O-O Ne7 10. Re1 Qc7 11. Nf3 Ng6 12. c4 O-O 13. h3 a5 14. cxd5 cxd5 15. exd5 exd5 16. Bxg6 hxg6 17. Qxd5 Bc6 18. Qb3 a4 19. Qc3 Qb7 20. Bd2 Rab8 21. Rac1 Rfc8 22. Qd3 Bf8 23. Bc3 Rd8 24. Qf1 Bxf3 25. gxf3 Qxf3 26. Qg2 Qd3 27. Qf1 Qd5 28. Qg2 Qxa2 29. Rcd1 Qb3 30. Rxd8 Rxd8 31. Qc6 Kh7 32. Kg2 f6 33. Re4 g5 34. Qc7 Qd5 35. Qc4 Qb7 36. Kh2 Bd6+ 37. Kg1 Ra8 38. Re1 Qf3 39. Qe4+ Qxe4 40. Rxe4 Kg6 41. Re3 Kf5 42. Bd4 Rb8 43. Kg2 Rb3 44. Re2 Bf4 45. Rd2 Bxd2 0-1


[Site "https://www.chess.com"]

[Event "Titled Tuesday Blitz March 29 Late 2022"]
[White "Babazada, Khazar"]
[Black "Al-Tarboush, Ward"]
[WhiteFideId "13413554"]
[BlackFideId "7601450"]
[WhiteElo "2418"]
[BlackElo "2276"]
[Result "1-0"]
[Round "03"]
[TimeControl "180+1"]
[Date "2022.03.29"]
[WhiteClock "0:00:11"]
[BlackClock "0:00:11"]

1. Nf3 d5 2. g3 Nf6 3. Bg2 c6 4. d3 Bf5 5. O-O e6 6. Nbd2 h6 7. b3 Nbd7 8. Bb2 Be7 9. Re1 O-O 10. e4 Bg6 11. Qe2 Qc7 12. Rad1 a5 13. a4 b5 14. exd5 Nxd5 15. axb5 cxb5 16. c4 Nb4 17. Ne4 a4 18. bxa4 bxa4 19. Ba1 a3 20. Nd4 Qa5 21. Nc3 Rac8 22. Nxe6 Rfe8 23. Nf4 Bf6 24. Qxe8+ Rxe8 25. Rxe8+ Kh7 26. Nxg6 fxg6 27. Be4 Nc2 28. d4 Nxa1 29. Nd5 Bg5 30. h4 Nf6 31. Nxf6+ Bxf6 32. c5 Nb3 33. h5 1-0


[Site "https://www.chess.com"]

[Event "Titled Tuesday Blitz March 29 Late 2022"]
[White "Baches Garcia, Guillermo"]
[Black "Ardila, Oscar Humberto"]
[WhiteFideId "2209764"]
[BlackFideId "4404742"]
[WhiteElo "2485"]
[BlackElo "1966"]
[Result "1/2-1/2"]
[Round "03"]
[TimeControl "180+1"]
[Date "2022.03.30"]
[WhiteClock "0:00:10"]
[BlackClock "0:00:35"]

1. e4 e5 2. Nf3 Nf6 3. Nc3 Nc6 4. d4 exd4 5. Nxd4 Bb4 6. Nxc6 bxc6 7. Bd3 d5 8. Bd2 O-O 9. O-O Re8 10. Nxd5 Nxd5 11. exd5 Bxd2 12. Qxd2 Qxd5 13. Rfe1 Be6 14. Re3 Rab8 15. b3 Qg5 16. Qc3 Bd5 17. Rg3 Qe5 18. Qxe5 Rxe5 19. f4 Re7 20. Kf2 Rbe8 21. Rd1 f6 22. Rd2 a5 23. a4 h6 24. Bg6 Bf7 25. Bxf7+ Kxf7 26. Rc3 Re6 27. Rc5 Re4 28. g3 g5 29. fxg5 hxg5 30. Rxc6 R8e7 31. Rc5 Re1 32. Rxc7 Re2+ 33. Rxe2 Rxc7 34. Ke3 Ke6 35. Kd4+ Kd6 36. c4 Rb7 37. c5+ Kd7 38. Kc4 Rb4+ 39. Kd5 Rxb3 40. c6+ Kd8 41. Kd6 Rd3+ 42. Ke6 Rf3 43. Rc2 Kc7 44. h4 gxh4 45. gxh4 Rf4 46. h5 Rxa4 47. Kxf6 Rh4 48. Kg6 a4 49. h6 a3 50. h7 Rh3 51. Rg2 Kxc6 52. Kg7 Kb5 53. h8=Q Rxh8 54. Kxh8 Kb4 55. Kg7 Kb3 56. Kf6 a2 57. Rxa2 Kxa2 1/2-1/2


[Site "https://www.chess.com"]

[Event "Titled Tuesday Blitz March 29 Late 2022"]
[White "Badelka, Olga"]
[Black "Curtis, John"]
[WhiteFideId "13509926"]
[BlackFideId "3200256"]
[WhiteElo "2165"]
[BlackElo "2203"]
[Result "1-0"]
[Round "03"]
[TimeControl "180+1"]
[Date "2022.03.30"]
[WhiteClock "0:01:39"]
[BlackClock "0:00:55"]

1. c4 Nf6 2. Nc3 c5 3. Nf3 e6 4. d4 cxd4 5. Nxd4 Be7 6. e4 d6 7. Be2 a6 8. O-O Bd7 9. Be3 Nc6 10. Qd2 Nxd4 11. Bxd4 Bc6 12. f3 O-O 13. Rac1 Qb8 14. Rfd1 b5 15. Bxf6 gxf6 16. cxb5 axb5 17. Nd5 Bxd5 18. exd5 Qb6+ 19. Kh1 Qf2 20. Rf1 Qh4 21. a3 b4 22. axb4 Rfb8 23. Rc4 Qh6 24. Qxh6 1-0


[Site "https://www.chess.com"]

[Event "Titled Tuesday Blitz March 29 Late 2022"]
[White "Barbero Sendic, Alejandro"]
[Black "Gulecyuz, Deniz"]
[WhiteFideId "3001288"]
[BlackFideId "30921341"]
[WhiteElo "2314"]
[BlackElo "1923"]
[Result "1-0"]
[Round "03"]
[TimeControl "180+1"]
[Date "2022.03.30"]
[WhiteClock "0:00:07"]
[BlackClock "0:00:12"]

1. d4 Nf6 2. Nc3 d5 3. Bf4 e6 4. Nb5 Na6 5. e3 c6 6. Nc3 Nc7 7. Nf3 Bd6 8. Ne5 O-O 9. g4 Ne4 10. Nxe4 dxe4 11. g5 Nd5 12. Bg2 f6 13. Bxe4 fxe5 14. Qh5 g6 15. Bxg6 hxg6 16. Qxg6+ Kh8 17. dxe5 Bb4+ 18. c3 Nxc3 19. bxc3 Bxc3+ 20. Ke2 Qd2+ 21. Kf3 Qd5+ 22. Kg3 Bxe5 23. Rad1 Bxf4+ 24. exf4 Qf5 25. Qh6+ Kg8 26. g6 Qxf4+ 27. Qxf4 Rxf4 28. Kxf4 e5+ 29. Kxe5 Bg4 30. Rd6 Re8+ 31. Kf4 Be2 32. h4 Kg7 33. h5 Kh6 34. Rg1 Bxh5 35. g7+ Kh7 36. Rh1 Kxg7 37. Rxh5 Rf8+ 38. Rf5 1-0


[Site "https://www.chess.com"]

[Event "Titled Tuesday Blitz March 29 Late 2022"]
[White "Barria Zuniga, Daniel"]
[Black "Melikhov, Evgeny V."]
[WhiteFideId "3400816"]
[BlackFideId "4122046"]
[WhiteElo "2414"]
[BlackElo "1945"]
[Result "1-0"]
[Round "03"]
[TimeControl "180+1"]
[Date "2022.03.30"]
[WhiteClock "0:00:19"]
[BlackClock "0:00:08"]

1. d4 Nf6 2. c4 e6 3. Nf3 d5 4. Nc3 Bb4 5. Qa4+ Nc6 6. e3 O-O 7. Bd2 dxc4 8. Bxc4 Bd6 9. O-O e5 10. h3 a6 11. a3 h6 12. Qc2 Qe7 13. b4 e4 14. Nh4 Re8 15. f3 Nh5 16. fxe4 Qxh4 17. Bxf7+ Kh8 18. Bxe8 Bxh3 19. Be1 Ng3 20. Bxc6 Bd7 21. Bxg3 Bxg3 22. Rf3 Qh2+ 23. Kf1 Bxc6 24. Rxg3 Qxg3 25. Qf2 Qh2 26. Ke2 Re8 27. Rf1 Bd7 28. Kd2 Qh5 29. Qf7 Qg4 30. Rf2 Rg8 31. Qf4 Qg6 32. Nd5 Bc6 33. Ne7 Qxe4 34. Qxe4 Bxe4 35. Nxg8 Kxg8 36. g3 g6 37. Rf4 Kg7 38. Rxe4 1-0


[Site "https://www.chess.com"]

[Event "Titled Tuesday Blitz March 29 Late 2022"]
[White "Bibasa, Bob"]
[Black "Tregubov, Pavel V."]
[WhiteFideId "10000240"]
[BlackFideId "4115341"]
[WhiteElo "2056"]
[BlackElo "2341"]
[Result "1-0"]
[Round "03"]
[TimeControl "180+1"]
[Date "2022.03.30"]
[WhiteClock "0:00:05"]
[BlackClock "0:00:05"]

1. e4 e6 2. d4 d5 3. Nc3 Bb4 4. Ne2 Nf6 5. e5 Ne4 6. Bd2 Nxd2 7. Qxd2 O-O 8. a3 Be7 9. g3 c5 10. Bg2 b6 11. O-O Ba6 12. Rfe1 Nc6 13. f4 Rc8 14. Kh1 Bxe2 15. Nxe2 Nxd4 16. Nxd4 cxd4 17. Re2 Rc4 18. Qd3 Qc7 19. f5 Rc8 20. fxe6 fxe6 21. Bh3 Qc6 22. Rf1 Bg5 23. Qf3 Qe8 24. Qg4 h6 25. Qxe6+ Kh8 26. Qxd5 R4c5 27. Qe4 Rd8 28. e6 Bf6 29. e7 Rb8 30. Rxf6 gxf6 31. Qf4 Kg7 32. Qxb8 Qxb8 33. e8=Q Qxe8 34. Rxe8 Rxc2 35. Re7+ Kg6 36. Rxa7 Rxb2 37. Rd7 Rd2 38. Kg1 f5 39. Rd6+ Kg5 40. Rxb6 d3 41. Rd6 h5 42. Bf1 h4 43. Rxd3 Ra2 44. gxh4+ Kxh4 45. h3 f4 46. Rf3 Kg5 47. Bg2 Ra1+ 48. Kh2 Ra2 49. h4+ Kg4 50. Kg1 Ra1+ 51. Kh2 Ra2 52. Rc3 Kxh4 53. Rh3+ Kg4 54. Rf3 Kg5 55. Kh3 Ra1 56. Rc3 Ra2 57. Rc5+ Kg6 58. Be4+ Kf6 59. Rc3 Ke5 60. Bf3 Kd4 61. Rb3 Kc4 62. Rb8 Rxa3 63. Kg4 Kd4 64. Kxf4 Ra1 65. Rd8+ Kc5 66. Ke5 Re1+ 67. Be4 Re3 68. Rc8+ Kb6 69. Kd4 Re1 70. Rc6+ Kb5 71. Rh6 Rd1+ 72. Bd3+ Kb4 73. Rb6+ Ka5 74. Ra6+ Kb4 75. Rb6+ Ka5 76. Rb2 Rc1 77. Bc4 Ka4 78. Kc5 Ka3 79. Ra2# 1-0


[Site "https://www.chess.com"]

[Event "Titled Tuesday Blitz March 29 Late 2022"]
[White "Bilan, Danila"]
[Black "Burke, Paul"]
[WhiteFideId "24161918"]
[BlackFideId "2605767"]
[WhiteElo "2164"]
[BlackElo "1863"]
[Result "1-0"]
[Round "03"]
[TimeControl "180+1"]
[Date "2022.03.30"]
[WhiteClock "0:01:54"]
[BlackClock "0:01:33"]

1. d4 Nf6 2. Nf3 d6 3. Bg5 g6 4. c3 Bg7 5. Nbd2 h6 6. Bh4 O-O 7. e4 Nc6 8. Be2 Bg4 9. O-O Bxf3 10. Bxf3 e5 11. dxe5 Nxe5 12. Be2 Qd7 13. f4 Nc6 14. Qc2 Rfe8 15. Rae1 Rad8 16. Bb5 a6 17. Bc4 b5 18. Bd3 Rc8 19. a4 b4 20. Bxa6 bxc3 21. Bxc8 Qxc8 22. bxc3 Qa8 23. Qd3 Qxa4 24. Ra1 1-0


[Site "https://www.chess.com"]

[Event "Titled Tuesday Blitz March 29 Late 2022"]
[White "Bluebaum, Matthias"]
[Black "Yanchenko, Roman"]
[WhiteFideId "24651516"]
[BlackFideId "4137329"]
[WhiteElo "2550"]
[BlackElo "2514"]
[Result "1-0"]
[Round "03"]
[TimeControl "180+1"]
[Date "2022.03.29"]
[WhiteClock "0:01:39"]
[BlackClock "0:00:04"]

1. b3 e5 2. Bb2 Nc6 3. e3 Nf6 4. Nf3 d6 5. d4 exd4 6. Nxd4 Bd7 7. c4 g6 8. g3 Bg7 9. Bg2 O-O 10. O-O Qc8 11. Re1 Nxd4 12. Qxd4 Bc6 13. Nc3 Ne4 14. Nd5 Bxd4 15. Ne7+ Kg7 16. Bxd4+ f6 17. Nxc8 Raxc8 18. b4 b6 19. h4 Ba8 20. g4 Nd2 21. g5 Bxg2 22. Bxf6+ Kf7 23. Kxg2 Nxc4 24. Rac1 b5 25. e4 a5 26. a4 axb4 27. axb5 Na3 28. e5 Rfe8 29. exd6 Rxe1 30. Rxc7+ Ke8 31. d7+ 1-0


[Site "https://www.chess.com"]

[Event "Titled Tuesday Blitz March 29 Late 2022"]
[White "Bordi, Kevin"]
[Black "Plotnikov, Pavel"]
[WhiteFideId "621862"]
[BlackFideId "4170342"]
[WhiteElo "2800"]
[BlackElo "2298"]
[Result "1-0"]
[Round "03"]
[TimeControl "180+1"]
[Date "2022.03.30"]
[WhiteClock "0:02:40"]
[BlackClock "0:01:06"]

1. e4 e6 2. d4 d5 3. Nd2 Be7 4. Ngf3 dxe4 5. Nxe4 Nf6 6. Ng3 c5 7. c3 Nc6 8. Be3 Nd5 9. Bd2 cxd4 10. cxd4 Qb6 11. Bc3 O-O 12. Bd3 Nf4 13. Bf1 e5 14. Nxe5 Nxe5 15. dxe5 Bc5 16. Qf3 Ne6 17. Bd3 Nd4 18. Qe4 g6 19. O-O Re8 20. b4 Bf5 21. Nxf5 gxf5 22. bxc5 fxe4 23. cxb6 exd3 24. Bxd4 1-0


[Site "https://www.chess.com"]

[Event "Titled Tuesday Blitz March 29 Late 2022"]
[White "Brizzi, Milagros Tatiana"]
[Black "Cervantes Landeiro, Thalia"]
[WhiteFideId "128350"]
[BlackFideId "3520498"]
[WhiteElo "1844"]
[BlackElo "2021"]
[Result "0-1"]
[Round "03"]
[TimeControl "180+1"]
[Date "2022.03.30"]
[WhiteClock "0:00:02"]
[BlackClock "0:00:07"]

1. e4 c5 2. Nf3 d6 3. d3 Nc6 4. g3 g6 5. Bg2 Bg7 6. O-O e6 7. c3 Nge7 8. d4 cxd4 9. cxd4 O-O 10. Nc3 a6 11. Bg5 h6 12. Be3 b5 13. Qd2 Kh7 14. h4 Bb7 15. Nh2 Na5 16. b3 f5 17. Rac1 b4 18. Ne2 Bxe4 19. Bxe4 fxe4 20. Qxb4 Nd5 21. Qd2 Nb7 22. Ng4 Nxe3 23. Nxe3 d5 24. Rc6 Qd7 25. Rfc1 Rfc8 26. Rxc8 Rxc8 27. Ng4 Nd6 28. Nf4 Nf5 29. Ne5 Bxe5 30. dxe5 d4 31. Rxc8 Qxc8 32. h5 g5 33. Ng6 d3 34. g4 Nd4 35. Qe3 Nf3+ 36. Kg2 d2 37. Qxe4 d1=Q 38. Ne7+ Kg7 39. Qg6+ Kf8 40. Qf6+ Ke8 41. Nxc8 Nh4+ 42. Kg3 Qg1+ 0-1


[Site "https://www.chess.com"]

[Event "Titled Tuesday Blitz March 29 Late 2022"]
[White "Bryakin, Mikhail"]
[Black "Chabris, Christopher"]
[WhiteFideId "4165314"]
[BlackFideId "2005263"]
[WhiteElo "2417"]
[BlackElo "2302"]
[Result "1-0"]
[Round "03"]
[TimeControl "180+1"]
[Date "2022.03.30"]
[WhiteClock "0:01:57"]
[BlackClock "0:00:01"]

1. e4 c5 2. d4 cxd4 3. c3 e5 4. cxd4 exd4 5. Nf3 Nc6 6. Nxd4 Bb4+ 7. Bd2 Bxd2+ 8. Qxd2 Nf6 9. Nc3 O-O 10. O-O-O Re8 11. f3 Qb6 12. Nf5 Ne5 13. Nd6 Rf8 14. Kb1 Ne8 15. h4 Nxd6 16. Qxd6 Qxd6 17. Rxd6 f6 18. h5 Nf7 19. Rd2 d6 20. Bc4 Kh8 21. Bxf7 Rxf7 22. Rxd6 Bd7 23. Rhd1 Bc6 24. Rd8+ Rf8 25. Rxa8 Rxa8 26. b4 a6 27. a4 b5 28. a5 Kg8 29. Rd6 Rc8 30. Kc2 Kf7 31. Kd3 Ke7 32. Rd4 Ke6 33. g4 g6 34. Ne2 f5 35. exf5+ gxf5 36. Nf4+ Ke5 37. g5 Bb7 38. Ke3 Rc3+ 39. Nd3+ Ke6 40. Kf4 Rc4 41. Nc5+ Ke7 42. Rxc4 bxc4 43. Nxb7 c3 44. Ke3 f4+ 45. Kd3 Kd7 46. Nc5+ Kc6 47. Kxc3 1-0


[Site "https://www.chess.com"]

[Event "Titled Tuesday Blitz March 29 Late 2022"]
[White "Buchenau, Frank"]
[Black "Najer, Evgeniy"]
[WhiteFideId "4604350"]
[BlackFideId "4118987"]
[WhiteElo "2193"]
[BlackElo "2562"]
[Result "1-0"]
[Round "03"]
[TimeControl "180+1"]
[Date "2022.03.30"]
[WhiteClock "0:00:06"]
[BlackClock "0:00:01"]

1. e4 c6 2. Nf3 d5 3. Nc3 Bg4 4. d4 e6 5. Bd3 Nd7 6. h3 Bh5 7. O-O Be7 8. Bf4 Ngf6 9. e5 Ng8 10. g4 Bg6 11. Ne2 Qb6 12. Rb1 Bxd3 13. Qxd3 h5 14. Kg2 Nh6 15. Bxh6 hxg4 16. hxg4 Rxh6 17. Rh1 Rxh1 18. Rxh1 Qxb2 19. Rh8+ Bf8 20. Ng5 Qb4 21. Qf3 Qe7 22. Qf4 f6 23. Nf3 O-O-O 24. Ng3 fxe5 25. dxe5 Qe8 26. Ng5 Qg6 27. Nh5 Be7 28. Rxd8+ Bxd8 29. Nf7 Be7 30. c3 Kc7 31. a4 a5 32. Nh8 Qg5 33. Qxg5 Bxg5 34. Nxg7 Nc5 35. Nf7 Bd2 36. Ne8+ Kd7 37. Nf6+ Ke7 38. Nh8 b5 39. axb5 cxb5 40. f4 a4 41. g5 a3 42. g6 Kf8 43. Nh5 a2 44. g7+ Kg8 45. Ng6 Kf7 46. Ne7 a1=Q 47. g8=Q+ Kxe7 48. Qg7+ Kd8 49. Nf6 Qxc3 50. Qf8+ Kc7 51. Qd6+ Kb7 52. Ne8 Na6 53. Qd7+ Kb6 54. Qxe6+ Ka5 55. Nd6 Bxf4 56. Nb7+ Ka4 57. Qxd5 1-0


[Site "https://www.chess.com"]

[Event "Titled Tuesday Blitz March 29 Late 2022"]
[White "Cagara, Paulina"]
[Black "Horcajuelo Rocamora, Martin"]
[WhiteFideId "1124870"]
[BlackFideId "24573027"]
[WhiteElo "1780"]
[BlackElo "1706"]
[Result "0-1"]
[Round "03"]
[TimeControl "180+1"]
[Date "2022.03.30"]
[WhiteClock "0:00:02"]
[BlackClock "0:00:02"]

1. e4 e5 2. Nf3 Nc6 3. c3 d5 4. Qa4 dxe4 5. Nxe5 Nf6 6. Nxc6 bxc6 7. Qxc6+ Bd7 8. Qc4 Bd6 9. d4 O-O 10. Be3 Ng4 11. g3 Nxe3 12. fxe3 Qg5 13. Qe2 Bg4 14. Qf2 Rab8 15. b3 c5 16. Nd2 cxd4 17. cxd4 Bb4 18. Bc4 Rb6 19. O-O Bxd2 20. Qxd2 h5 21. Rf4 h4 22. Qf2 Bf3 23. Rxh4 Rg6 24. Rf4 Rf6 25. Rxf6 Qxf6 26. Rf1 g5 27. Be2 g4 28. Bxf3 gxf3 29. Qc2 Qf5 30. Rf2 Kg7 31. Qc5 Qg4 32. Qe5+ f6 33. Qc7+ Rf7 34. Qf4 Qe6 35. g4 Qc6 36. h4 Qc1+ 37. Kh2 Qc6 38. Qf5 Kf8 39. Kh3 Rg7 40. g5 Rf7 41. g6 Rg7 42. h5 Qc1 43. h6 Qh1+ 44. Kg4 Qxh6 45. Qxf6+ Ke8 46. Qe5+ Re7 47. Qb8+ Kd7 48. Qb7+ Ke6 49. d5+ Kf6 50. Qc6+ Kg7 51. Kf5 Qh5+ 52. Kf4 Qh4+ 53. Kf5 Qh5+ 0-1


[Site "https://www.chess.com"]

[Event "Titled Tuesday Blitz March 29 Late 2022"]
[White "Cardoso Cardoso, Jose Gabriel"]
[Black "Andreikin, Dmitry"]
[WhiteFideId "4430492"]
[BlackFideId "4158814"]
[WhiteElo "2451"]
[BlackElo "2736"]
[Result "0-1"]
[Round "03"]
[TimeControl "180+1"]
[Date "2022.03.29"]
[WhiteClock "0:00:01"]
[BlackClock "0:00:29"]

1. e4 c5 2. Nf3 e6 3. d4 cxd4 4. Nxd4 a6 5. Bd3 Bc5 6. Nb3 Be7 7. Qg4 g6 8. Qe2 Nc6 9. c4 d6 10. Nc3 Ne5 11. O-O g5 12. Nd4 g4 13. Bf4 Nf6 14. Bc2 Bd7 15. c5 Qc7 16. cxd6 Bxd6 17. Kh1 Ng6 18. Bxd6 Qxd6 19. Rad1 Qf4 20. Qc4 h5 21. Nde2 Qg5 22. Qd4 Bc6 23. Ba4 b5 24. Bb3 Ne5 25. Qd6 Rc8 26. Bxe6 Nfd7 27. Bf5 Qe7 28. Qd2 Rd8 29. Nf4 Nf6 30. Qe3 O-O 31. Nxh5 Nxh5 32. Qh6 Nf6 33. f4 Ng6 34. e5 Rxd1 35. Nxd1 Rd8 36. Bxg6 fxg6 37. Qxg6+ Qg7 38. Qxg7+ Kxg7 39. exf6+ Kxf6 40. Ne3 Rd2 41. Nxg4+ Kf5 42. Ne3+ Ke4 43. Re1 Kxf4 44. b3 Rxa2 45. Kg1 Rb2 46. g3+ Kf3 47. Ng2 Rxg2+ 0-1


[Site "https://www.chess.com"]